 Dungeon Crawl Stone Soup version 0.31-a0-986-g5e6e4ef867 (webtiles) character file.

Game seed: 7351837643635464346

882 oj3oj3 the Changeling (level 7, -1/56 HPs)
             Began as a Demigod Shapeshifter on Nov 23, 2023.
             Slain by an orc
             ... wielding a +0 hand axe
              (3 damage)
             ... on level 5 of the Dungeon.
             The game lasted 00:16:29 (4200 turns).

oj3oj3 the Changeling (Demigod Shapeshifter)        Turns: 4200, Time: 00:16:30

Health: -1/56      AC:  5    Str: 23    XL:     7   Next: 47%
Magic:  9/9        EV: 12    Int: 12    God:
Gold:   168        SH:  0    Dex: 13    Spells: 6/6 levels left

rFire   . . .        a - +3 short sword (distort)
rCold   . . .        (no shield)
rNeg    . . .        r - +0 ring mail
rPois   .            (helmet currently unavailable)
rElec   .            (cloak currently unavailable)
rCorr   .            (gloves currently unavailable)
SInv    +            (boots currently unavailable)
Will    .....        (no amulet)
Stlth   +            u - ring of see invisible
HPRegen 0.29/turn    (no ring)
MPRegen 0.11/turn

%: no passive effects
@: beast-form
A: beast (slay +2), high MP 1, forlorn, divine attributes
a: Begin Untransformation


You were on level 5 of the Dungeon.
You were a hulking beast.
You visited 2 branches of the dungeon, and saw 6 of its levels.

You collected 168 gold pieces.

Inventory:

Hand Weapons
 a - a +3 short sword of distortion (weapon)
 s - a +0 giant club
Missiles
 q - 38 stones (quivered)
Armour
 r - a +0 ring mail (worn)
Jewellery
 h - an amulet of guardian spirit
 k - an amulet of regeneration
 u - a ring of see invisible (left hand)
Talismans
 c - a beast talisman
 d - a flux talisman
Scrolls
 e - a scroll of fear {unknown}
 f - 3 scrolls of identify {unknown}
 g - a scroll of noise {unknown}
 i - a scroll of amnesia {unknown}
 n - 2 scrolls of teleportation {unknown}
 o - a scroll of brand weapon {unknown}
 w - a scroll of enchant armour {unknown}
Potions
 b - 2 potions of lignification
 j - 2 potions of curing {unknown}
 l - 2 potions of attraction {unknown}
 m - a potion of heal wounds {unknown}
 p - 2 potions of magic {unknown}
 t - a potion of ambrosia {unknown}
 v - a potion of cancellation {unknown}
 x - a potion of might {unknown}
 z - a potion of brilliance {unknown}
 A - a potion of degeneration {unknown}


   Skills:
 + Level 2.9 Fighting
 + Level 4.0 Short Blades
 + Level 3.5 Armour
 + Level 3.0 Dodging
 + Level 0.4 Stealth
 + Level 3.3 Unarmed Combat
 + Level 4.1 Shapeshifting


You had 6 spell levels left.
You didn't know any spells.
Your spell library contained the following spells:

 Spells                   Type           Power      Damage    Failure   Level
 Magic Dart               Conj           0%         1d3       45%         1
 Slow                     Hex            0%         N/A       45%         1
 Call Imp                 Summ           0%         N/A       61%         2
 Sublimation of Blood     Necr           0%         N/A       61%         2
 Confusing Touch          Hex            0%         N/A       83%         3
 Mephitic Cloud           Conj/Pois/Air  0%         N/A       83%         3
 Sigil of Binding         Hex            0%         N/A       83%         3
 Vampiric Draining        Necr           0%         2d6       83%         3
 Petrify                  Tmut/Erth      0%         N/A       99%         4
 Irradiate                Conj/Tmut      0%         3d11      100%        5


Dungeon Overview and Level Annotations

Branches:
Dungeon (5/15)             Temple (1/1) D:4


Innate Abilities, Weirdness & Mutations

You are a hulking beast.
Your limbs bulge with bestial killing power. (Slay +2)
You have an increased reservoir of magic. (+10% MP)
You shall have no god before yourself.
Your divine heritage dramatically boosts your attributes as you level up.


Message History

The orc shouts!
You hear a shout!
The orc misses you.
An orc comes into view. It is wielding a +0 hand axe.
You hit the gnoll but do no damage.
The gnoll is devoured by a tear in reality.
The orc closely misses you.
The gnoll hits you from afar with a +0 spear.
The orc misses you. The gnoll closely misses you.
You hit the gnoll.
Space warps around the gnoll.
Your punch misses the gnoll.
The gnoll is severely wounded.
The orc hits you with a +0 whip.
You puncture the gnoll!
You kill the gnoll!
The gnoll hits you with a +0 whip of distortion.
Space warps around you. The gnoll barely misses you.
You barely miss the black bear. The orc hits you with a +0 whip.
* * * LOW HITPOINT WARNING * * *
The gnoll misses you. The black bear barely misses you.
The black bear claws you.
* * * LOW HITPOINT WARNING * * *
The black bear closely misses you. The gnoll closely misses you.
You hit the black bear.
Space warps horribly around the black bear!!
You kill the black bear!
The orc hits you with a +0 whip.
* * * LOW HITPOINT WARNING * * *
The gnoll hits you with a +0 whip of distortion.
* * * LOW HITPOINT WARNING * * *
Space warps around you.
* * * LOW HITPOINT WARNING * * *
The gnoll closely misses you.
Your Short Blades skill increases to level 4!
Your Dodging skill increases to level 3!
Unknown command.
You hit the gnoll.
Space warps horribly around the gnoll!
You kill the gnoll!
The orc hits you with a +0 whip.
* * * LOW HITPOINT WARNING * * *
The orc hits you with a +0 hand axe.
You die...

. .### ###. ##...## ..
.#. .#. #.###.## #..
..# #.. #...# #..
..#####...#...# #..
..#...#...#...# #.###.#
....#.###.##
##o..###...###...##
#.oog.#.###.#.....##
#...#.h§#...#...#...#..
#...#####.).#...#####..
#.. #...#...#...#..
##.#..g..#.###.#.....#.
. ##.g.###...###...##.
.. ..### ###.######...
# .........##
###########


You could see a gnoll and 3 orcs.

Vanquished Creatures
  An orc warrior (D:4)
  An ogre (D:4)
  A black bear (D:5)
  A gnoll sergeant (D:5)
  2 scorpions
  A jelly (D:5)
  2 hounds (D:5)
  2 iguanas
  5 adders
  5 gnolls (D:5)
  2 dart slugs (D:1)
  8 orcs
  A bat (D:2)
  6 endoplasms
  A giant cockroach (D:1)
  5 goblins
  5 hobgoblins
  2 jackals (D:1)
  6 kobolds
  4 quokkas
  5 ball pythons
  4 frilled lizards
  8 rats
78 creatures vanquished.

Notes
Turn   | Place    | Note
-------+----------+-------------------------------------------
     0 | D:1      | oj3oj3 the Demigod Shapeshifter began the quest for the
                  | Orb.
     0 | D:1      | Reached XP level 1. HP: 15/15 MP: 3/3
   181 | D:1      | Reached XP level 2. HP: 15/22 MP: 4/4
  1168 | D:2      | Reached XP level 3. HP: 16/27 MP: 5/5
  1217 | D:2      | Reached skill level 1 in Fighting
  2619 | D:4      | Reached XP level 4. HP: 35/35 MP: 6/6
  2775 | D:4      | Noticed an ogre
  2788 | D:4      | Killed an ogre
  2789 | D:4      | Reached skill level 1 in Short Blades
  2789 | D:4      | Reached skill level 1 in Armour
  2789 | D:4      | Reached XP level 5. HP: 38/41 MP: 7/7
  3021 | D:4      | Reached XP level 6. HP: 48/48 MP: 8/8
  3205 | D:4      | Found a staircase to the Ecumenical Temple.
  3223 | Temple   | Entered the Ecumenical Temple
  3704 | D:5      | Entered Level 5 of the Dungeon
  4007 | D:5      | Reached XP level 7. HP: 54/56 MP: 9/9
  4200 | D:5      | HP: 2/56 [orc/+0 whip (1)]
  4200 | D:5      | Slain by an orc

Illustrated notes

Levels and vault maps discovered:
D:1:      sevenhm_arrival_forest_fort_large_2, layout_loops_ring,
          basic_ecumenical_altar
D:2:      layout_basic
D:3:      layout_loops_cross, lemuel_round_altar, kennysheep_generic_room_14
D:4:      nicolae_cairo_tiling_large_dashed, layout_basic, kennysheep_mini,
          minmay_temple_entry_trees
D:5:      nicolae_cairo_tiling, layout_rooms,
          nicolae_uskayaw_murder_on_the_dancefloor, uniq_sigmund
Temple:   chequers_temple_sunken

Skill      XL: |  1  2  3  4  5  6  7 |
---------------+----------------------+-----
Shapeshifting  | 3 4 |  4.1
Unarmed Combat | 3 |  3.3
Dodging        | 2 3 |  3.0
Fighting       | 1 2 |  2.9
Short Blades   | 1 2 3 4 |  4.0
Armour         | 1 3 |  3.5
Stealth        | |  0.4

Action                     |  1- 3 |  4- 6 |  7- 9 || total
---------------------------+-------+-------+-------++-------
  Melee: Unarmed           |    14 |       |       ||    14
         Dagger            |    32 |       |       ||    32
         Punch             |     2 |     3 |     1 ||     6
         Rapier            |    32 |       |       ||    32
         Short sword       |    32 |    85 |    18 ||   135
 Armour: Animal skin       |    49 |       |       ||    49
         Leather armour    |    14 |       |       ||    14
         Ring mail         |     5 |    61 |    20 ||    86
  Dodge: Dodged            |    74 |    72 |    18 ||   164

Table legend: (Time is in decaauts)
 A = Elapsed time spent in this place.
 B = Non-inter-level travel time spent in this place.
 C = Inter-level travel time spent in this place.
 D = Time resting spent in this place.
 E = Time spent auto-exploring this place.
 F = Levels seen in this place.
 G = Mean time per level.
                   A        B        C        D        E       F      G
               +--------+--------+--------+--------+--------+-----+--------+
         Total |   4213 |   4026 |    187 |    100 |   3077 |   6 |  702.2 |
       Dungeon |   4072 |   3972 |    100 |    100 |   3077 |   5 |  814.4 |
        Temple |    140 |     53 |     87 |      0 |      0 |   1 |  140.0 |
               +--------+--------+--------+--------+--------+-----+--------+

Top non-repeatable levels by time:
     D:1: 1108 daAuts
     D:4: 968 daAuts
     D:2: 764 daAuts
     D:3: 742 daAuts
     D:5: 489 daAuts
  Temple: 140 daAuts
